 Dungeon Crawl Stone Soup version 0.22.1-1-ga44c0e5 (webtiles) character file.

196 rabbit the Cleaver (level 5, 0/45 HPs)
             Began as a Hill Orc Monk on Oct 15, 2018.
             Slain by a big kobold
             ... wielding a +0 short sword
              (4 damage)
             ... in a sewer.
             The game lasted 00:03:38 (1485 turns).

rabbit the Cleaver (Hill Orc Monk)                  Turns: 1485, Time: 00:03:39

Health: 0/45       AC:  4    Str: 15    XL:     5   Next: 75%
Magic:  5/5        EV: 13    Int: 10    God:
Gold:   13         SH:  0    Dex: 13    Spells: 4/4 levels left

rFire    . . .     SeeInvis .   a - +0 hand axe
rCold    . . .     Gourm    .   (no shield)
rNeg     . . .     Faith    .   b - +0 robe
rPois    .         Spirit   .   (no helmet)
rElec    .         Reflect  .   g - +0 cloak
rCorr    .         Harm     .   h - +0 pair of gloves
MR       .....                  (no boots)
Stlth    ++........             (no amulet)
HPRegen  0.15/turn              (no ring)
MPRegen  0.09/turn              (no ring)

@: no status effects
A: no striking features
a: no special abilities


You were in a sewer.
You were very hungry.

You visited 1 branch of the dungeon, and saw 3 of its levels.
You also visited: Sewer.

You collected 13 gold pieces.

Inventory:

Hand Weapons
 a - a +0 hand axe (weapon)
Missiles
 f - 60 stones (quivered)
Armour
 b - a +0 robe (worn)
 g - a +0 cloak (worn)
 h - a +0 pair of gloves (worn)
Scrolls
 i - a scroll of blinking {unknown}
 k - a scroll of immolation {unknown}
Potions
 d - a potion of magic {unknown}
 e - a potion of resistance {unknown}
 j - 3 potions of curing {unknown}
 l - a potion of heal wounds {unknown}
Comestibles
 c - 4 rations


   Skills:
 - Level 3.6 Fighting
 * Level 8.1 Axes
 - Level 2.5 Dodging
 - Level 1.6 Stealth


You had 4 spell levels left.
You didn't know any spells.
Your spell library was empty.

Dungeon Overview and Level Annotations

Branches:
Dungeon (3/15)

Altars:
Ashenzari
Cheibriados
Nemelex Xobeh
Wu Jian
Xom
Yredelemnul


Message History

The big kobold misses you.
You hit the big kobold.
You kill the big kobold!
Your Axes skill increases to level 8!
You barely miss the big kobold.
The big kobold hits you with a short sword.
* * * LOW HITPOINT WARNING * * *
You barely miss the big kobold.
The big kobold is severely wounded.
The big kobold hits you but does no damage.
You closely miss the big kobold.
The big kobold is severely wounded.
The big kobold misses you.
You hit the big kobold.
The big kobold is almost dead.
The big kobold closely misses you.
You closely miss the big kobold.
The big kobold is almost dead.
The big kobold hits you with a short sword.
You die...

###### ###### #....#
#....# #..∩!# #.∩..#
#!...#####.)..#
#!)K(#≈≈≈#....#
###)@##≈≈≈##''##
#..≈≈≈≈≈≈≈#≈≈..###
#..P≈≈#≈≈≈#≈≈≈...#
#..P≈≈#≈≈≈#≈.≈...##
#..≈≈P#≈≈≈#.......#
#.....#≈≈≈#≈..P...#
#..P†.#≈≈≈#≈......#
##....#≈≈≈#P≈P....##
#..≈P#≈≈≈#≈≈≈.....#


You could see a big kobold.

Vanquished Creatures
  2 big kobolds (Sewer)
  An adder (D:3)
  An ooze (Sewer)
  3 dart slugs (D:1)
  A leopard gecko (D:1)
  9 bats
  4 giant cockroaches
  3 goblins (D:1)
  4 hobgoblins
  A quokka (D:2)
  A ball python (D:1)
  4 frilled lizards
  7 kobolds
  7 rats
48 creatures vanquished.

Notes
Turn   | Place    | Note
-------+----------+-------------------------------------------
     0 | D:1      | rabbit the Hill Orc Monk began the quest for the Orb.
     0 | D:1      | Reached XP level 1. HP: 19/19 MP: 1/1
    89 | D:1      | Reached XP level 2. HP: 23/26 MP: 2/2
   245 | D:1      | Found a shattered altar of Ashenzari.
   250 | D:1      | Reached skill level 5 in Axes
   336 | D:1      | Reached XP level 3. HP: 31/31 MP: 3/3
   544 | D:2      | Found a basalt altar of Yredelemnul.
   769 | D:2      | Found a snail-covered altar of Cheibriados.
   778 | D:2      | Found a shimmering altar of Xom.
   781 | D:2      | Found an ornate altar of the Wu Jian Council.
   786 | D:2      | Found a sparkling altar of Nemelex Xobeh.
   891 | D:3      | Found a glowing drain.
   919 | D:3      | Reached skill level 6 in Axes
  1048 | Sewer    | Entered a sewer
  1084 | Sewer    | Reached XP level 4. HP: 39/39 MP: 4/4
  1305 | Sewer    | Noticed a big kobold
  1318 | Sewer    | Killed a big kobold
  1318 | Sewer    | Reached skill level 7 in Axes
  1318 | Sewer    | Reached XP level 5. HP: 32/45 MP: 5/5
  1462 | Sewer    | Noticed a big kobold
  1462 | Sewer    | Noticed a big kobold
  1481 | Sewer    | Killed a big kobold
  1481 | Sewer    | Reached skill level 8 in Axes
  1485 | Sewer    | Slain by a big kobold

Skill      XL: |  1  2  3  4  5 |
---------------+----------------+-----
Axes           | 5 6 7 8 |  8.1
Fighting       | |  3.6
Dodging        | |  2.5
Stealth        | |  1.6

Action                   |  1- 3 |  4- 6 || total
-------------------------+-------+-------++-------
Melee: Hand axe          |   118 |    45 ||   163
 Stab: Sleeping          |     3 |     1 ||     4
  Eat: Chunk             |       |     1 ||     1
Armor: Robe              |    17 |    22 ||    39
Dodge: Dodged            |    81 |    48 ||   129
